 Dungeon Crawl Stone Soup version 0.31.0-32-g396128a36d (webtiles) character file.

Game seed: 563131508128300049

1264 spaghetti the Fighter (level 8, -1/68 (71) HPs)
             Began as a Human Chaos Knight on Mar 18, 2024.
             Was a Plaything of Xom.
             Slain by a wight
             ... wielding a +1 halberd
              (6 damage)
             ... on level 6 of the Dungeon.
             The game lasted 00:07:48 (4907 turns).

spaghetti the Fighter (Human Chaos Knight)          Turns: 4907, Time: 00:07:49

HP:   -1/68 (71)    AC:  8    Str: 21    XL:     8   Next: 52%
MP:   8/8           EV: 11    Int: 10    God:    Xom [.....*]
Gold: 240           SH:  5    Dex: 13    Spells: 7/7 levels left

rFire   . . .        n - +1 whip (elec)
rCold   . . .        (no shield)
rNeg    . . .        b - +2 leather armour
rPois   .            g - +0 helmet
rElec   +            (no cloak)
rCorr   .            (no gloves)
SInv    .            j - +1 pair of boots "Keis" {+Blink Regen+}
Will    .....        i - amulet of reflection
Stlth   +            (no ring)
HPRegen 1.11/turn    (no ring)
MPRegen 0.11/turn

%: reflection
@: lightly drained
A: explore regen, iridescent scales 1, deformed body, electricity resistance,
strong 2
a: Renounce Religion, Evoke Blink


You were on level 6 of the Dungeon.
You worshipped Xom.
You were Xom's teddy bear.
You visited 1 branch of the dungeon, and saw 6 of its levels.

You collected 240 gold pieces.

Inventory:

Hand Weapons
 a - a +1 short sword of chaos
 n - a +1 whip of electrocution (weapon)
 p - a +5 dire flail
Armour
 b - a +2 leather armour (worn)
 g - a +0 helmet (worn)
 j - the +1 pair of boots "Keis" (worn) {+Blink Regen+}
   (You found it on level 2 of the Dungeon)

   +Blink:    It lets you blink.
   Regen+:    It increases your rate of health regeneration.
Jewellery
 d - a ring of ice
 h - a ring of flight
 i - an amulet of reflection (around neck)
Wands
 m - a wand of paralysis (6)
Scrolls
 c - a scroll of butterflies
 e - a scroll of revelation
 k - a scroll of blinking
 l - 2 scrolls of amnesia
 o - a scroll of poison {unknown}
Potions
 f - a potion of ambrosia


   Skills:
 - Level 9.1 Fighting
 - Level 3.0 Short Blades
 + Level 5.0 Maces & Flails
 - Level 2.0 Armour
 - Level 1.0 Dodging


You had 7 spell levels left.
You didn't know any spells.
Your spell library contained the following spells:

 Spells                   Type           Power      Damage    Failure   Level
 Freeze                   Ice            0%         1d3       41%         1
 Frozen Ramparts          Ice            0%         1d1       78%         3
 Hailstorm                Conj/Ice       0%         3d5       78%         3
 Leda's Liquefaction      Alch/Erth      0%         N/A       99%         4
 Petrify                  Alch/Erth      0%         N/A       99%         4
 Metabolic Englaciation   Hex/Ice        0%         N/A       100%        5


Dungeon Overview and Level Annotations

Branches:
Dungeon (6/15)
 Temple: D:4-7

Altars:
Makhleb
Vehumet
Xom

Shops:
D:4 :


Innate Abilities, Weirdness & Mutations

You regain HP and MP as you explore.
You are partially covered in iridescent scales. (AC +2)
Armour fits poorly on your strangely shaped body.
You are resistant to electric shocks. (rElec)
Your muscles are very strong. (Str +8, Int/Dex -2)


Message History

The wight barely misses you.
You hit Maggie but do no damage.
Maggie is moderately wounded.
Maggie barely misses you. Maggie completely misses you.
The wight hits you with a +3 spear of freezing.
You feel drained. The wight freezes you. The wight barely misses you.
You closely miss Maggie.
Maggie is moderately wounded.
You block Maggie's attack.
The wight hits you with a +3 spear of freezing.
You feel drained. The wight freezes you.
You barely miss Maggie.
Maggie is moderately wounded.
Maggie completely misses you.
The wight hits you from afar with a +1 halberd!
You feel drained. You block Maggie's attack.
The wight hits you with a +3 spear of freezing.
You feel drained. The wight freezes you.
You hit Maggie but do no damage. Lightning courses through Maggie!
Maggie is severely wounded.
The wight barely misses you. Maggie bites you!
You hit Maggie but do no damage.
Maggie is severely wounded.
The wight hits you but does no damage. The wight barely misses you.
Maggie barely misses you.
You hit Maggie but do no damage. Lightning courses through Maggie!!
You kill Maggie!
You block the wight's attack.
The wight hits you from afar with a +1 halberd!
* * * LOW HITPOINT WARNING * * *
You feel drained.
* * * LOW HITPOINT WARNING * * *
Your Maces & Flails skill increases to level 5!
The wight hits you with a +3 spear of freezing!
* * * LOW HITPOINT WARNING * * *
The wight freezes you.
* * * LOW HITPOINT WARNING * * *
The wight hits you with a +1 halberd.
You die...
Xom thinks this is hilarious!

#.####...##
#............#....##.
#.......##.#.....~PP.
#####.......+....#.~~P~~
............##.....P~~♣
###...<...........P~♣
#....h...........~~P♣
#.........#.._..zP~~♣
#....##.......z@.P~P♣♣♣ .
##...z##.#.......P~~~P~♣~~..
......'..#..........†)~~.~..
......####....##.#.#.PPP~)..
......#............#.##.#...
......#.....#........# ....
##...................# #..
##...................# .
.....................#


You could see 2 wights.

Vanquished Creatures
  A warg (D:6)
  An ice beast (D:6)
  A sky beast (D:3)
  A phantom (D:5)
  2 bullfrogs (D:5)
  Blork the orc (D:6)
  3 wights
  An electric eel (D:6)
  A bombardier beetle (D:4)
  An orc priest (D:5)
  A hound (D:6)
  A jelly (D:5)
  Terence (D:3)
  An iguana (D:4)
  Natasha (D:3)
  An orc wizard (D:3)
  Robin (D:3)
  7 adders
  3 gnolls (D:3)
  A shadow imp (D:5)
  A white imp (D:6)
  4 ufetubi (D:5)
  4 dart slugs
  A ribbon worm (D:2)
  12 orcs
  5 endoplasms
  5 giant cockroaches
  12 goblins
  13 hobgoblins
  4 jackals
  2 quokkas
  7 ball pythons
  3 bats
  3 frilled lizards
  9 kobolds
  6 rats
122 creatures vanquished.

Vanquished Creatures (collateral kills)
  A ball python (D:1)
  A bat (D:3)
  2 goblins (D:3)
  2 hobgoblins
  A frilled lizard (D:1)
7 creatures vanquished.

Grand Total: 129 creatures vanquished

Notes
Turn   | Place    | Note
-------+----------+-------------------------------------------
     0 | D:1      | spaghetti the Human Chaos Knight began the quest for the
                  | Orb.
     0 | D:1      | Reached XP level 1. HP: 18/18 MP: 1/1
    41 | D:1      | XOM: silly message
    92 | D:1      | Reached XP level 2. HP: 21/24 MP: 2/2
   202 | D:1      | Gained mutation: Armour fits poorly on your strangely
                  | shaped body. [potion of mutation]
   202 | D:1      | Gained mutation: You are weak. (Str -2) [potion of
                  | mutation]
   202 | D:1      | Gained mutation: You have a pair of small horns on your
                  | head. [potion of mutation]
   450 | D:1      | You fall into a shaft and drop 1 floor!
   455 | D:2      | Reached skill level 4 in Fighting
   525 | D:2      | Reached XP level 3. HP: 27/30 MP: 3/3
   669 | D:2      | XOM: silly message
   920 | D:2      | XOM: 4-stop teleportation journey
   939 | D:2      | Identified the +1 pair of boots "Keis" {+Blink Regen+}
  1005 | D:2      | Lost mutation: You are weak. (Str -2) [potion of mutation]
  1005 | D:2      | Lost mutation: Armour fits poorly on your strangely shaped
                  | body. [potion of mutation]
  1005 | D:2      | Lost mutation: You have a pair of small horns on your head.
                  | [potion of mutation]
  1005 | D:2      | Gained mutation: Your muscles are strong. (Str +4, Int/Dex
                  | -1) [potion of mutation]
  1005 | D:2      | Gained mutation: You have hidden genetic defects. [potion
                  | of mutation]
  1005 | D:2      | Gained mutation: Your movements are slightly less
                  | encumbered by armour. (ER -2) [potion of mutation]
  1040 | D:2      | XOM: silly message
  1052 | D:2      | XOM: give mutation
  1052 | D:2      | Gained mutation: You passively dampen the noise of your
                  | surroundings. [Xom's grace]
  1107 | D:2      | Found a radiant altar of Vehumet.
  1155 | D:2      | Gained mutation: You occasionally shout uncontrollably at
                  | your foes. [hidden defects]
  1196 | D:2      | Reached XP level 4. HP: 35/38 MP: 4/4
  1211 | D:2      | Gained mutation: Armour fits poorly on your strangely
                  | shaped body. [hidden defects]
  1211 | D:2      | Lost mutation: You have hidden genetic defects. [hidden
                  | defects expressed]
  1311 | D:2      | XOM: scenery: summon butterflies
  1638 | D:3      | Noticed Terence
  1662 | D:3      | Killed Terence
  1663 | D:3      | Reached skill level 5 in Fighting
  1701 | D:3      | Lost mutation: You passively dampen the noise of your
                  | surroundings. [potion of mutation]
  1701 | D:3      | Lost mutation: You occasionally shout uncontrollably at
                  | your foes. [potion of mutation]
  1701 | D:3      | Lost mutation: Your movements are slightly less encumbered
                  | by armour. (ER -2) [potion of mutation]
  1701 | D:3      | Gained mutation: Your muscles are very strong. (Str +8,
                  | Int/Dex -2) [potion of mutation]
  1701 | D:3      | Gained mutation: You are partially covered in iridescent
                  | scales. (AC +2) [potion of mutation]
  1701 | D:3      | Gained mutation: You are resistant to electric shocks.
                  | (rElec) [potion of mutation]
  1703 | D:3      | a bat changed into a sky beast
  1703 | D:3      | Noticed a sky beast
  1703 | D:3      | XOM: 1-stop teleportation journey
  1742 | D:3      | Noticed Robin
  1749 | D:3      | XOM: summons 3 friendly demons
  1865 | D:3      | XOM: scenery: summon butterflies
  1887 | D:2      | Reached XP level 5. HP: 45/45 MP: 5/5
  2072 | D:3      | XOM: enchant monster (bad)
  2088 | D:3      | Killed a sky beast
  2089 | D:3      | Reached skill level 6 in Fighting
  2089 | D:3      | Reached XP level 6. HP: 44/53 MP: 6/6
  2099 | D:3      | Killed Robin
  2234 | D:3      | XOM: silly message
  2265 | D:3      | Noticed Natasha
  2271 | D:3      | Killed Natasha
  2272 | D:3      | Reached skill level 7 in Fighting
  2618 | D:4      | Found a burning altar of Makhleb.
  2702 | D:4      | Found Mobunedd's Tiny Tomes.
  2952 | D:4      | XOM: 4-stop teleportation journey
  3027 | D:4      | XOM: noise
  3108 | D:4      | XOM: silly message
  3627 | D:5      | Entered Level 5 of the Dungeon
  3672 | D:5      | XOM: blink monster(s)
  3682 | D:5      | Reached XP level 7. HP: 61/61 MP: 7/7
  3702 | D:5      | Reached skill level 8 in Fighting
  3778 | D:5      | XOM: noise
  3822 | D:5      | XOM: summons 4 hostile shadow creatures
  3943 | D:5      | XOM: silly message
  3945 | D:5      | XOM: smoke on damage
  4012 | D:5      | XOM: enchant monster (bad)
  4052 | D:5      | XOM: 2-stop teleportation journey
  4726 | D:6      | XOM: torment (33/63 hp)
  4733 | D:5      | Reached skill level 9 in Fighting
  4823 | D:6      | Reached XP level 8. HP: 67/71 MP: 8/8
  4836 | D:6      | Noticed Blork the orc
  4837 | D:6      | XOM: swap monsters
  4844 | D:6      | Killed Blork the orc
  4883 | D:6      | Noticed Maggie
  4888 | D:6      | Maggie changed into Maggie the warg
  4888 | D:6      | Noticed Maggie
  4888 | D:6      | XOM: polymorph Maggie -> Maggie the warg
  4893 | D:6      | XOM: scenery: create altars
  4906 | D:6      | Killed Maggie the warg
  4907 | D:6      | Reached skill level 5 in Maces & Flails
  4907 | D:6      | Slain by a wight

Illustrated notes

Levels and vault maps discovered:
D:1:      zaba_arrival_water, layout_loops_corners
D:2:      minmay_door_path, layout_basic, basic_altar
D:3:      layout_rooms, uniq_natasha, uniq_robin, uniq_terence
D:4:      layout_layer_cave, bloody_makhleb, nicolae_shop_i_like_small_books_too
D:5:      layout_gridville, dk_rats_in_the_wall
D:6:      layout_basic, mainiacjoe_overflow_brackets, serial_bayou,
          serial_bayou_crossing, serial_bayou_pond_c, serial_bayou_shore_a,
          serial_bayou_pond_d, serial_bayou_pond_d, uniq_maggie, uniq_sigmund,
          uniq_blork_the_orc

Skill      XL: |  1  2  3  4  5  6  7  8 |
---------------+-------------------------+-----
Fighting       | 4 5 6 7 9 |  9.1
Maces & Flails | 2 5 |  5.0
Short Blades   | |  3.0
Armour         | |  2.0
Dodging        | |  1.0

Action                     |  1- 3 |  4- 6 |  7- 9 || total
---------------------------+-------+-------+-------++-------
  Melee: Short sword       |   150 |   249 |   125 ||   524
         Punch             |     2 |     2 |     1 ||     5
         Headbutt          |    14 |       |       ||    14
         Whip              |       |       |    66 ||    66
  Evoke: Wand              |       |       |     4 ||     4
    Use: Scroll            |     4 |     5 |     1 ||    10
         Potion            |     2 |     6 |       ||     8
   Stab: Petrifying        |     1 |       |       ||     1
         Sleeping          |     1 |       |       ||     1
         Paralysed         |       |       |     4 ||     4
         Confused          |       |       |     2 ||     2
 Armour: Leather armour    |    58 |   166 |   153 ||   377
         Skin              |       |     1 |       ||     1
  Dodge: Dodged            |    59 |   151 |    97 ||   307
  Block: Other             |       |    17 |    44 ||    61
         Reflection        |       |     1 |       ||     1
